 Dungeon Crawl Stone Soup version 0.19.0 (webtiles) character file.

29 Gruud the Chucker (level 3, -1/27 HPs)
             Began as a Demonspawn Hunter on Nov 1, 2016.
             Succumbed to a kobold's poison
             ... on level 1 of the Dungeon.
             The game lasted 00:02:52 (670 turns).

Gruud the Chucker (Demonspawn Hunter)                Turns: 670, Time: 00:02:53

Health: -1/27      AC:  8    Str: 12    XL:     3   Next: 1%
Magic:  3/3        EV: 11    Int: 12    God:
Gold:   33         SH:  0    Dex: 14    Spells: 0 memorised, 2 levels left

rFire  . . .     SeeInvis .     a - -1 spear (curse)
rCold  . . .     Gourm    .     j - +0 ring mail
rNeg   . . .     Faith    .     (no shield)
rPois  .         Spirit   .     (helmet restricted)
rElec  .         Reflect  .     h - +0 cloak
rCorr  .         Harm     .     (no gloves)
MR     .....                    (no boots)
Stlth  +.........               l - amulet of inaccuracy (curse)
                                (no ring)
                                (no ring)

@: lethally poisoned (-1 -> -35)
A: horns 1, talons 2, iridescent scales 1, deterioration 1, no device heal 1
a: no special abilities


You were on level 1 of the Dungeon.
You were not hungry.

You visited 1 branch of the dungeon, and saw 1 of its levels.

You collected 33 gold pieces.

Inventory:

Hand Weapons
 a - a cursed -1 spear (weapon)
 i - a +0 short sword
Missiles
 c - 6 javelins
 d - 2 throwing nets
 e - 32 stones (quivered)
Armour
 b - a +0 leather armour
 h - a +0 cloak (worn)
 j - a +0 ring mail (worn)
Jewellery
 l - a cursed amulet of inaccuracy (around neck)
Comestibles
 f - 3 bread rations
 g - a chunk of flesh


   Skills:
 - Level 2.0 Fighting
 * Level 4.5 Throwing
 - Level 1.7 Dodging
 - Level 0.8 Stealth


You had 2 spell levels left.
You didn't know any spells.

Dungeon Overview and Level Annotations

Branches:
Dungeon (1/15)

Altars:


Innate Abilities, Weirdness & Mutations

You have razor-sharp toenails.
You are partially covered in iridescent scales. (AC +2)
You have a pair of small horns on your head.
Your body sometimes deteriorates upon taking damage.
Potions and wands are less effective at restoring your health.


Message History

You have reached level 3!
Your experience leads to an increase in your attributes!
Increase (S)trength, (I)ntelligence, or (D)exterity?
You feel agile.
Your demonic ancestry asserts itself...
Iridescent scales grow over part of your body.
* * * LOW HITPOINT WARNING * * *
You feel very sick. The kobold closely misses you.
It was a potion of mutation.
You feel extremely strange.
You feel agile.
You feel clumsy.
Your toenails lengthen and sharpen.
* * * LOW HITPOINT WARNING * * *
You feel very sick. The kobold completely misses you.
You feel extremely strange. A pair of horns grows on your head!
You feel yourself wasting away.
Your system partially rejects artificial healing.
* * * LOW HITPOINT WARNING * * *
You feel sick. The kobold hits you but does no damage.
You are more poisoned.
You die...

#..........#...........#
#...
#..........#...........#
#..>
#......#####...........#
#... #.....)#
#...........# #...
######## #...........#
#... #...........# #...
#...........# #...
#.###P..P#### ####
#@.##.♣..# ##(#.....#
#...)K..P♣P.#
#.###..♣.♣..# ...P♣♣..#
♣♣♣♣. .. #. .#


You could see a kobold.

Vanquished Creatures
  3 dart slugs (D:1)
  A leopard gecko (D:1)
  4 goblins (D:1)
  4 hobgoblins (D:1)
  3 bats (D:1)
  3 kobolds (D:1)
  3 rats (D:1)
21 creatures vanquished.

Notes
Turn   | Place    | Note
-------+----------+-------------------------------------------
     0 | D:1      | Gruud the Demonspawn Hunter began the quest for the Orb.
     0 | D:1      | Reached XP level 1. HP: 16/16 MP: 1/1
   327 | D:1      | Reached skill level 4 in Throwing
   331 | D:1      | Gained mutation: You have sharp toenails. [demonic ancestry]
   331 | D:1      | Reached XP level 2. HP: 22/22 MP: 2/2
   667 | D:1      | Gained mutation: You are partially covered in iridescent scales. (AC +2) [demonic ancestry]
   667 | D:1      | Reached XP level 3. HP: 9/27 MP: 3/3
   668 | D:1      | Gained mutation: You are agile. (Dex +2) [potion of mutation]
   668 | D:1      | Lost mutation: You are agile. (Dex +2) [potion of mutation]
   668 | D:1      | Gained mutation: You have razor-sharp toenails. [potion of mutation]
   669 | D:1      | Gained mutation: You have a pair of small horns on your head. [potion of mutation]
   669 | D:1      | Gained mutation: Your body sometimes deteriorates upon taking damage. [potion of mutation]
   669 | D:1      | Gained mutation: Potions and wands are less effective at restoring your health. [potion of mutation]
   669 | D:1      | HP: 1/27 [poisoned by a kobold]
   670 | D:1      | Succumbed to a kobold's poison

Skill      XL: |  1 |
---------------+----+-----
Throwing       | 4 |  4.5
Fighting       | |  2.0
Dodging        | |  1.7
Stealth        | |  0.8

Action                   || total
-------------------------++-------
Melee: Short sword       ||    38
       Spear             ||    64
       Kick              ||    18
Throw: Stone             ||     7
  Use: Scroll            ||     1
       Potion            ||     2
Armor: Leather armour    ||    14
       Ring mail         ||    16
Dodge: Dodged            ||    47
